Map: Last Remnant

Players

Steele

  • Race: Terran Terran
  • Spawn Location: 7:00

quietfire

  • Race: Protoss Protoss
  • Spawn Location: 6:00

ZARHEAD

  • Race: Protoss Protoss
  • Spawn Location: 9:00

Astral

  • Race: Protoss Protoss
  • League: Silver
  • Spawn Location: 6:00

Infamous - Winner!

  • Race: Protoss Protoss
  • League: Silver
  • Spawn Location: 1:00

Eclerius - Winner!

  • Race: Protoss Protoss
  • Spawn Location: 3:00

Neravar - Winner!

  • Race: Protoss Protoss
  • Spawn Location: 12:00

xenos - Winner!

  • Race: Terran Terran
  • League: Bronze
  • Spawn Location: 12:00

VOD

Have the link to the VOD?

Description

Time

  • Played on: March 20, 2018, 4:10 p.m.
  • Length: 10:33
Show
View Real Time Build Order
Export as new Build Order

Steele Terran 

Build Orders:  

Get SALT Encoding   

  12  0:18  Refinery  
  12  0:24  Refinery  
  12  0:26  SCV  
  13  0:38  SCV  
  14  1:07  Supply Depot  
  14  1:22  SCV  
  15  1:44  Barracks  
  15  2:19  Barracks  
  15  2:39  Marine  
  16  2:57  Reaper  
  17  3:03  Orbital Command  
  16  3:18  Bunker  
  16  3:20  Barracks Reactor  
  16  3:28  Marine  
  17  3:47  Reaper  
  18  4:01  Engineering Bay  
  18  4:14  Marine, Reaper  
  20  4:18  Marine  
  20  4:31  Marine  
  18  4:46  Reaper  
  18  4:49  Marine  
  19  4:54  Barracks Tech Lab  
  19  4:59  Terran Infantry Weapons Level 1  
  19  5:07  Reaper  
  19  5:09  Missile Turret  
  20  5:18  Marine  
  21  5:22  Combat Shields  
  21  5:29  Marauder  
  23  5:36  Reaper  
  24  5:47  Bunker  
  24  6:02  Reaper  
  25  6:08  Marine  
  26  6:16  Marauder  
  28  6:26  Marine  
  29  6:34  Missile Turret  
  29  6:37  Marauder  
  31  6:41  Concussive Shells  
  31  6:53  Terran Infantry Armor Level 1  
  31  7:10  Supply Depot  
  31  7:24  Stimpack  
  31  7:26  Marine  
  31  7:30  Marauder  
  31  7:31  Marine  
  31  7:44  Marine  
  31  7:49  Supply Depot, Reaper  
  31  7:51  Marauder  
  31  8:02  Marine  
  30  8:12  Marauder  
  29  8:20  Marine  
  29  8:21  Marine  
  28  8:30  Missile Turret  
  29  8:34  Marauder  
  29  8:38  Reaper  
  25  8:47  Hi-Sec Auto Tracking  
  15  9:00  Marauder  
Show
View Real Time Build Order
Export as new Build Order

quietfire Protoss 

Build Orders:  

Get SALT Encoding   

Show
View Real Time Build Order
Export as new Build Order

ZARHEAD Protoss 

Build Orders:  

Get SALT Encoding   

  12  0:02  Probe  
  13  0:27  Pylon  
  13  0:49  Pylon  
  13  1:06  Nexus  
  13  1:18  Forge  
  13  1:28  Pylon  
  13  1:53  Photon Cannon  
  13  1:59  Photon Cannon  
  13  2:07  Photon Cannon  
  13  2:35  Probe (Chrono Boost)  
  16  2:46  Probe x2 (Chrono Boost)  
  16  2:53  Probe (Chrono Boost)  
  16  2:54  Probe (Chrono Boost)  
  18  2:58  Probe (Chrono Boost)  
  18  3:00  Probe  
  20  3:10  Probe  
  20  3:12  Probe  
Show
View Real Time Build Order
Export as new Build Order

Astral Protoss 

Build Orders:  

Get SALT Encoding   

  12  0:02  Probe  
  14  0:14  Probe (Chrono Boost)  
  14  0:24  Pylon, Probe (Chrono Boost)  
  15  0:53  Forge  
  15  0:56  Pylon  
  15  1:11  Probe (Chrono Boost)  
  16  1:22  Probe (Chrono Boost)  
  17  1:26  Probe (Chrono Boost)  
  17  1:28  Photon Cannon  
  18  1:36  Photon Cannon  
  18  1:37  Probe  
  19  1:50  Probe  
  19  1:55  Gateway  
  19  2:04  Gateway  
  19  2:08  Pylon  
  19  2:22  Photon Cannon  
  19  2:27  Probe (Chrono Boost)  
  20  2:34  Gateway  
  21  2:37  Probe (Chrono Boost), Gateway  
  21  2:42  Probe (Chrono Boost)  
  24  2:51  Zealot (Chrono Boost)  
  24  2:52  Zealot (Chrono Boost)  
  24  2:53  Probe  
  27  3:05  Probe  
  28  3:16  Zealot (Chrono Boost)  
  32  3:24  Zealot (Chrono Boost)  
  32  3:26  Zealot (Chrono Boost)  
  36  3:27  Zealot (Chrono Boost)  
  36  3:35  Zealot  
  38  4:05  Zealot  
  38  4:07  Zealot  
  30  4:22  Zealot x2  
  34  4:28  Probe (Chrono Boost)  
  35  4:32  Zealot  
  35  4:35  Zealot  
  39  5:36  Assimilator  
  39  5:42  Assimilator  
  39  5:55  Pylon  
  39  5:57  Pylon  
  39  6:00  Pylon  
  39  6:03  Pylon  
  39  6:04  Pylon  
  39  6:06  Pylon  
  39  6:13  Probe, Zealot x3  
  39  6:15  Zealot  
  48  6:25  Probe  
  49  6:40  Zealot x3  
  49  6:42  Probe (Chrono Boost), Zealot  
  58  6:52  Probe (Chrono Boost)  
  59  6:57  Probe (Chrono Boost)  
  59  7:00  Cybernetics Core  
  60  7:07  Zealot x3  
  66  7:08  Probe  
  66  7:09  Zealot  
  69  7:20  Probe  
  70  7:32  Probe  
  70  7:34  Zealot x3  
  70  7:36  Zealot  
  63  7:45  Probe  
  58  7:57  Probe  
  53  8:01  Zealot x2  
Show
View Real Time Build Order
Export as new Build Order

Infamous Protoss - Winner!

Build Orders:  

Get SALT Encoding   

  12  0:01  Probe  
  13  0:13  Probe  
  14  0:18  Pylon  
  14  0:25  Probe  
  15  0:39  Gateway  
  15  0:40  Probe (Chrono Boost)  
  17  0:50  Probe (Chrono Boost)  
  17  0:55  Probe (Chrono Boost)  
  17  0:56  Assimilator  
  18  1:10  Probe  
  19  1:22  Probe  
  20  1:26  Cybernetics Core  
  20  1:32  Zealot (Chrono Boost)  
  20  1:34  Probe  
  20  1:39  Assimilator  
  23  1:45  Pylon  
  23  1:59  Warp Gate (Chrono Boost)  
  23  2:01  Gateway  
  23  2:03  Zealot  
  23  2:04  Probe  
  26  2:16  Probe  
  27  2:27  Pylon  
  27  2:36  Probe  
  28  2:41  Nexus  
  28  2:48  Sentry  
  28  2:49  Sentry  
  28  2:51  Probe  
  33  2:59  Shield Battery  
  33  3:04  Probe  
  34  3:20  Stargate  
  34  3:28  Probe (Chrono Boost)  
  35  3:39  Probe (Chrono Boost)  
  36  3:53  Stargate  
  36  3:56  Protoss Air Weapons Level 1 (Chrono Boost)  
  36  4:04  Probe (Chrono Boost)  
  38  4:10  Assimilator  
  38  4:11  Probe (Chrono Boost)  
  38  4:16  Probe (Chrono Boost)  
  39  4:17  Void Ray  
  39  4:23  Probe (Chrono Boost)  
  44  4:27  Forge  
  44  4:31  Pylon  
  44  4:36  Probe x2, Pylon  
  50  4:50  Assimilator, Void Ray (Chrono Boost)  
  50  4:53  Pylon  
  50  4:59  Shield Battery  
  50  5:02  Void Ray (Chrono Boost)  
  50  5:05  Probe  
  55  5:14  Pylon  
  55  5:22  Photon Cannon x2  
  55  5:23  Probe  
  55  5:24  Probe  
  55  5:26  Void Ray  
  61  5:35  Protoss Air Armor Level 1 (Chrono Boost)  
  61  5:50  Void Ray  
  61  5:53  Probe x2  
  67  6:06  Probe x2  
  67  6:08  Nexus  
  69  6:15  Void Ray  
  74  6:18  Probe  
  74  6:23  Pylon  
  74  6:29  Pylon  
  74  6:30  Probe  
  75  6:33  Probe  
  75  6:39  Void Ray  
  80  6:48  Probe  
  80  6:49  Probe  
  82  7:01  Void Ray  
  86  7:03  Stargate  
  86  7:04  Stargate  
  86  7:20  Fleet Beacon  
  86  7:30  Void Ray  
  90  7:41  Probe x2  
  90  7:42  Probe  
  93  7:52  Void Ray  
  93  7:53  Probe  
  98  8:22  Void Ray x2 (Chrono Boost)  
  98  8:25  Probe x3  
  109  8:30  Assimilator  
  109  8:32  Void Ray (Chrono Boost)  
  109  8:33  Assimilator  
  113  8:37  Probe x3  
  116  8:53  Probe  
  117  10:05  Pylon  
  117  10:07  Pylon  
Show
View Real Time Build Order
Export as new Build Order

Eclerius Protoss - Winner!

Build Orders: Cannon Rush 

Get SALT Encoding   

  12  0:01  Probe  
  13  0:19  Pylon  
  13  0:33  Pylon  
  13  0:42  Forge  
  13  0:57  Pylon  
  13  1:17  Photon Cannon  
  13  1:20  Photon Cannon  
  13  1:31  Photon Cannon  
  13  1:37  Assimilator  
  13  1:53  Photon Cannon  
  13  2:05  Photon Cannon  
  13  2:12  Photon Cannon  
  13  2:15  Pylon  
  13  2:27  Photon Cannon  
  13  2:39  Gateway  
  13  2:51  Pylon  
  13  3:27  Cybernetics Core  
  13  3:32  Gateway  
  13  3:33  Gateway  
  13  4:10  Photon Cannon  
  13  4:14  Photon Cannon  
  13  4:17  Pylon  
  13  4:22  Warp Gate (Chrono Boost)  
  13  4:52  Adept  
  15  5:02  Pylon  
  15  5:04  Gateway  
  15  5:35  Nexus  
  15  5:40  Adept  
  17  6:38  Shield Battery  
  17  6:55  Probe  
  17  7:00  Stalker x2  
  17  7:01  Stalker  
  24  7:07  Probe  
  25  7:11  Stalker  
  27  7:19  Probe  
  28  7:31  Probe  
  28  7:36  Zealot x2  
  27  8:08  Adept  
  27  8:09  Adept x3  
  29  8:48  Zealot x3  
  31  8:49  Zealot  
  37  8:56  Twilight Council  
  37  9:02  Pylon  
  35  9:42  Stalker x4  
  43  10:14  Adept x3  
  45  10:15  Adept  
Show
View Real Time Build Order
Export as new Build Order

Neravar Protoss - Winner!

Build Orders:  

Get SALT Encoding   

  12  0:03  Probe (Chrono Boost)  
  13  0:13  Probe (Chrono Boost)  
  14  0:18  Probe (Chrono Boost)  
  15  0:37  Pylon  
  15  0:55  Probe  
  16  0:57  Forge  
  16  1:05  Gateway  
  16  1:11  Probe (Chrono Boost)  
  17  1:21  Probe (Chrono Boost)  
  18  1:49  Nexus  
  18  2:01  Pylon  
  18  2:19  Assimilator  
  18  2:21  Assimilator  
  18  2:24  Probe (Chrono Boost)  
  19  2:33  Photon Cannon  
  19  2:34  Probe (Chrono Boost)  
  20  2:39  Probe (Chrono Boost), Photon Cannon  
  21  2:50  Probe, Pylon  
  22  3:04  Probe (Chrono Boost)  
  23  3:11  Probe (Chrono Boost)  
  23  3:12  Assimilator  
  24  3:14  Photon Cannon  
  26  3:20  Probe (Chrono Boost), Assimilator  
  26  3:21  Probe (Chrono Boost)  
  26  3:24  Photon Cannon  
  26  3:26  Probe (Chrono Boost)  
  26  3:27  Probe  
  27  3:33  Photon Cannon  
  28  3:37  Probe (Chrono Boost)  
  28  3:39  Probe (Chrono Boost)  
  30  3:51  Probe (Chrono Boost)  
  32  3:55  Probe (Chrono Boost)  
  32  3:59  Probe (Chrono Boost)  
  32  4:00  Protoss Shields Level 1  
  32  4:02  Probe (Chrono Boost)  
  34  4:05  Probe  
  35  4:13  Probe  
  36  4:21  Cybernetics Core  
  36  4:26  Probe, Photon Cannon  
  37  4:41  Probe (Chrono Boost)  
  38  4:50  Nexus  
  38  4:51  Probe (Chrono Boost)  
  39  4:56  Probe (Chrono Boost)  
  39  4:57  Pylon  
  40  5:02  Photon Cannon  
  40  5:06  Pylon  
  40  5:20  Photon Cannon  
  40  5:26  Assimilator  
  40  5:33  Pylon  
  40  5:38  Pylon  
  40  5:43  Photon Cannon  
  40  5:51  Shield Battery  
  40  6:00  Shield Battery  
  40  6:06  Stargate  
  40  6:08  Stargate  
  40  6:09  Protoss Air Weapons Level 1  
  40  6:15  Probe (Chrono Boost)  
  41  6:25  Probe (Chrono Boost)  
  43  6:26  Probe (Chrono Boost)  
  43  6:32  Stargate  
  45  6:33  Probe (Chrono Boost)  
  45  6:35  Probe (Chrono Boost)  
  45  6:38  Probe (Chrono Boost)  
  45  6:39  Stargate  
  46  6:42  Probe (Chrono Boost)  
  46  6:44  Assimilator  
  47  6:53  Probe (Chrono Boost)  
  47  6:54  Probe (Chrono Boost)  
  49  6:55  Void Ray  
  49  6:56  Void Ray  
  49  6:58  Probe (Chrono Boost)  
  49  7:00  Probe  
  59  7:10  Photon Cannon  
  59  7:12  Pylon  
  59  7:20  Photon Cannon  
  59  7:26  Pylon  
  59  7:30  Probe (Chrono Boost)  
  59  7:35  Void Ray x2  
  68  7:38  Void Ray x2  
  68  7:40  Probe (Chrono Boost)  
  77  7:45  Probe (Chrono Boost)  
  77  7:50  Stargate  
  78  7:52  Pylon  
  78  7:56  Probe  
  79  8:00  Stargate  
  79  8:03  Protoss Air Armor Level 1 (Chrono Boost)  
  79  8:07  Twilight Council  
  79  8:08  Probe  
  79  8:10  Fleet Beacon  
  80  8:18  Void Ray x2  
  88  8:38  Probe (Chrono Boost)  
  90  8:48  Probe (Chrono Boost)  
  90  8:49  Pylon  
  90  8:50  Pylon  
  90  8:53  Probe (Chrono Boost)  
  90  8:55  Void Ray x3  
  103  8:56  Pylon  
  103  9:03  Void Ray  
  103  9:04  Probe  
  108  9:26  Void Ray  
  108  9:27  Void Ray  
  116  9:38  Void Ray x2  
  124  10:18  Photon Cannon  
Show
View Real Time Build Order
Export as new Build Order

xenos Terran - Winner!

Build Orders:  

Get SALT Encoding   

  12  0:04  SCV  
  13  0:16  SCV  
  14  0:29  SCV  
  15  0:36  Refinery  
  15  0:51  Supply Depot  
  15  0:58  Supply Depot  
  15  1:13  SCV  
  16  1:25  SCV  
  17  1:31  Barracks  
  17  1:37  SCV  
  18  1:49  SCV  
  19  2:01  SCV  
  19  2:05  Barracks  
  19  2:07  Refinery  
  20  2:13  SCV  
  21  2:19  Command Center  
  21  2:25  SCV  
  22  2:37  SCV  
  23  2:48  Barracks Tech Lab  
  23  2:53  Factory  
  23  3:02  Ghost Academy  
  23  3:04  Ghost Academy  
  23  3:06  Barracks Tech Lab  
  23  3:14  SCV  
  24  3:26  SCV  
  25  3:33  Ghost  
  27  3:39  SCV  
  28  3:54  Refinery  
  28  4:09  Personal Cloaking  
  28  4:18  SCV  
  28  4:19  Refinery  
  28  4:21  Orbital Command  
  29  4:30  SCV  
  30  4:34  Ghost  
  32  4:42  SCV  
  33  4:54  SCV, Ghost  
  36  5:06  SCV  
  37  5:18  SCV x2  
  39  5:25  Nuke  
  39  5:28  Ghost  
  39  5:30  SCV x2  
  39  5:33  Factory Tech Lab  
  43  5:42  SCV x2  
  45  5:51  Command Center  
  45  5:54  SCV x2  
  45  5:57  Ghost  
  47  6:01  Ghost  
  51  6:06  SCV  
  52  6:11  Nuke  
  52  6:28  Orbital Command  
  52  6:34  Ghost  
  54  6:46  Supply Depot  
  54  7:09  Supply Depot  
  54  7:32  Supply Depot  
  54  7:56  Supply Depot  
  54  8:15  Refinery  
  54  8:16  Ghost x2  
  54  8:18  Supply Depot  
  58  8:41  Supply Depot, Refinery  
  58  8:44  Ghost x2  
  62  9:13  Ghost x2  
  66  9:28  Nuke x2  
  66  9:41  Ghost x2  
Tags
 
Add a new tag
Caveats
  • Supply blocks, unpowered buildings, or Contaminate may cause inaccurate times.
  • Supply counts are checked every 10 seconds.